[Event "Ujir Singh Thapa Memorial 2080"]
[Site "Butwal"]
[Date "2024.04.06"]
[Round "2.3"]
[White "Pokhrel, Sangam"]
[Black "Vipul Subhashi"]
[Result "0-1"]
[ECO "A34"]
[WhiteElo "1660"]
[BlackElo "1971"]
[Annotator "NA RC"]
[PlyCount "32"]
[EventDate "2024.04.03"]
[EventType "swiss"]
[EventCountry "NEP"]
[SourceTitle "playchess.com"]
[Source "ChessBase"]
[SourceQuality "1"]
[TimeControl "3600+30"]

1. e4 c5 2. c4 Nc6 3. Nf3 e6 4. Nc3 Nf6 5. e5 Ng4 6. Qe2 Qc7 7. Nb5 Qb8 8. b3 a6 9. Nd6+ Bxd6 10. exd6 Qxd6 11. Bb2 f6 12. h3 Nh6 13. Nh4 Nd4 14. Qd1 Qe5+ 15. Be2 Qe4 16. Bxd4 cxd4 0-1

[Event "Ujir Singh Thapa Memorial 2080"]
[Site "Butwal"]
[Date "2024.04.06"]
[Round "2.4"]
[White "Jaiswal, Rupesh"]
[Black "Shrestha, Sudesh"]
[Result "1-0"]
[ECO "A30"]
[WhiteElo "1969"]
[BlackElo "1659"]
[Annotator "RC"]
[PlyCount "24"]
[EventDate "2024.04.03"]
[EventType "swiss"]
[EventCountry "NEP"]
[SourceTitle "playchess.com"]
[Source "ChessBase"]
[SourceQuality "1"]
[TimeControl "3600+30"]

1. c4 c5 2. Nf3 Qc7 3. g4 b6 4. Bg2 Bb7 5. d3 e5 6. O-O Nc6 7. Nc3 d6 8. Nh4 g6 9. f4 f6 10. Nd5 Qg7 11. e3 Rc8 12. Bh3 Rb8 1-0

[Event "Ujir Singh Thapa Memorial 2080"]
[Site "Butwal"]
[Date "2024.04.07"]
[Round "3.1"]
[White "Jamal Uddin"]
[Black "Harsh, Himanshu"]
[Result "0-1"]
[ECO "A07"]
[WhiteElo "1989"]
[BlackElo "1855"]
[Annotator "RC"]
[PlyCount "64"]
[EventDate "2024.04.03"]
[EventType "swiss"]
[EventCountry "NEP"]
[SourceTitle "playchess.com"]
[Source "ChessBase"]
[SourceQuality "1"]
[TimeControl "3600+30"]

1. Nf3 d5 2. c4 c6 3. g3 Nf6 4. Bg2 Bf5 5. O-O Nbd7 6. b3 e5 7. d3 Bd6 8. Bb2 O-O 9. Nbd2 Qe7 10. Nh4 Bg6 11. e4 dxe4 12. dxe4 Rad8 13. Qe2 Bh5 14. f3 Bb4 15. Rad1 Nc5 16. Nf5 Qc7 17. g4 Nd3 18. Ba1 Bg6 19. h4 Bc5+ 20. Kh2 Bxf5 21. gxf5 Nh5 22. f4 Nhxf4 23. Qg4 f6 24. Qf3 Rf7 25. Nb1 Rfd7 26. Rd2 Ne1 27. Rxe1 Rxd2 28. Nxd2 Rxd2 29. Rd1 Rxg2+ 30. Kh1 Qa5 31. a4 Rd2 32. Rf1 Rd3 0-1

[Event "Ujir Singh Thapa Memorial 2080"]
[Site "Butwal"]
[Date "2024.04.07"]
[Round "3.2"]
[White "Ashutosh, Kumar"]
[Black "Raghav, Srivathsav V"]
[Result "0-1"]
[ECO "E92"]
[WhiteElo "1850"]
[BlackElo "1983"]
[Annotator "RC"]
[PlyCount "102"]
[EventDate "2024.04.03"]
[EventType "swiss"]
[EventCountry "NEP"]
[SourceTitle "playchess.com"]
[Source "ChessBase"]
[SourceQuality "1"]
[TimeControl "3600+30"]

1. d4 Nf6 2. c4 g6 3. Nc3 Bg7 4. e4 d6 5. Be2 O-O 6. Nf3 e5 7. d5 a5 8. h3 Na6 9. Bg5 Nc5 10. Nd2 Bd7 11. g4 c6 12. h4 h6 13. Be3 cxd5 14. exd5 Ne8 15. h5 g5 16. Nde4 Nxe4 17. Nxe4 f5 18. gxf5 Bxf5 19. Ng3 Bd7 20. Bd3 a4 21. Ne4 Rf4 22. Qd2 Qe7 23. a3 Bg4 24. Ng3 Nf6 25. Rh2 Re8 26. Rc1 Kh8 27. Kf1 Qd7 28. Kg1 Rc8 29. Rc3 Rf8 30. Bg6 Bh3 31. Bb6 Rh4 32. f3 e4 33. fxe4 Ng4 34. Nf5 Nxh2 35. Nxh4 gxh4 36. Kxh2 Be5+ 37. Kh1 Rf1+ 38. Bg1 Bf4 39. Qe2 Bg5 40. e5 dxe5 41. Qxe5+ Bf6 42. Qe3 Rxg1+ 43. Qxg1 Bxc3 44. bxc3 Qe7 45. Qd4+ Kg8 46. Qe4 Qxa3 47. Qe8+ Qf8 48. d6 Qxe8 49. Bxe8 a3 50. d7 Bxd7 51. Bxd7 a2 0-1

[Event "Ujir Singh Thapa Memorial 2080"]
[Site "Butwal"]
[Date "2024.04.07"]
[Round "3.3"]
[White "Vipul Subhashi"]
[Black "Shashi, Prakash"]
[Result "1-0"]
[ECO "B40"]
[WhiteElo "1971"]
[BlackElo "1815"]
[Annotator "RC"]
[PlyCount "95"]
[EventDate "2024.04.03"]
[EventType "swiss"]
[EventCountry "NEP"]
[SourceTitle "playchess.com"]
[Source "ChessBase"]
[SourceQuality "1"]
[TimeControl "3600+30"]

1. e4 c5 2. Nf3 e6 3. d3 Nc6 4. Nbd2 Qc7 5. g3 Nf6 6. Bg2 Be7 7. O-O d6 8. Re1 Bd7 9. c3 Ne5 10. Nb1 c4 11. Nxe5 dxe5 12. d4 h6 13. dxe5 Qxe5 14. Bf4 Qb5 15. Na3 Bxa3 16. bxa3 Bc6 17. Rb1 Qa5 18. Bd6 O-O-O 19. Qd4 e5 20. Qxe5 Qxe5 21. Bxe5 Rhe8 22. Bh3+ Bd7 23. Bxf6 gxf6 24. Bf1 Be6 25. Rb4 Rd2 26. Bxc4 a5 27. Bxe6+ fxe6 28. Rb5 Rxa2 29. Rxa5 Re7 30. Re3 Rc7 31. Ra8+ Kd7 32. Rd3+ Ke7 33. Rh8 Rc4 34. Rh7+ Ke8 35. Rdd7 Rb2 36. Rde7+ Kf8 37. Rxe6 Rxc3 38. Rxf6+ Kg8 39. Rff7 b5 40. Rfg7+ Kf8 41. Ra7 Kg8 42. Rhg7+ Kf8 43. Rgb7 Rc8 44. Rh7 Kg8 45. Rag7+ Kf8 46. Rh8+ Kxg7 47. Rxc8 Rb3 48. Rc5 1-0

[Event "Ujir Singh Thapa Memorial 2080"]
[Site "Butwal"]
[Date "2024.04.07"]
[Round "3.4"]
[White "Thaiba, Bijan Man"]
[Black "Jaiswal, Rupesh"]
[Result "0-1"]
[ECO "B00"]
[WhiteElo "1806"]
[BlackElo "1969"]
[Annotator "RC"]
[PlyCount "62"]
[EventDate "2024.04.03"]
[EventType "swiss"]
[EventCountry "NEP"]
[SourceTitle "playchess.com"]
[Source "ChessBase"]
[SourceQuality "1"]
[TimeControl "3600+30"]

1. e4 a6 2. d4 g6 3. Nf3 Bg7 4. Bc4 b5 5. Bb3 Bb7 6. e5 Nc6 7. c3 Na5 8. Bc2 d6 9. O-O dxe5 10. Nxe5 Qd5 11. Nf3 Nf6 12. Re1 e6 13. Bf4 Rc8 14. Nbd2 O-O 15. Ne4 Qf5 16. Nxf6+ Qxf6 17. Be5 Bxf3 18. Qd3 Qf5 19. Bxg7 Kxg7 20. Qxf5 gxf5 21. gxf3 Nc4 22. b3 Nb6 23. Kg2 c5 24. Rac1 cxd4 25. cxd4 Rfd8 26. Red1 Nd5 27. Bb1 Nf4+ 28. Kf1 Rxd4 29. Re1 Rxc1 30. Rxc1 Rd2 31. Ke1 Rb2 0-1

[Event "Ujir Singh Thapa Memorial 2080"]
[Site "Butwal"]
[Date "2024.04.07"]
[Round "3.5"]
[White "Sinha, Sudhir Kumar"]
[Black "Dileep, Tripathi"]
[Result "1-0"]
[ECO "B07"]
[WhiteElo "1968"]
[BlackElo "1783"]
[Annotator "RC"]
[PlyCount "101"]
[EventDate "2024.04.03"]
[EventType "swiss"]
[EventCountry "NEP"]
[SourceTitle "playchess.com"]
[Source "ChessBase"]
[SourceQuality "1"]
[TimeControl "3600+30"]

1. e4 d6 2. d4 Nf6 3. Nc3 g6 4. Be3 Bg7 5. f3 c6 6. Qd2 Nbd7 7. Bh6 Bxh6 8. Qxh6 Qa5 9. O-O-O b5 10. Kb1 b4 11. Nce2 c5 12. Nc1 Qc7 13. g4 c4 14. h4 Rg8 15. Nge2 a5 16. Nf4 e5 17. g5 exf4 18. gxf6 Nxf6 19. Qxf4 Nh5 20. Qg5 Bd7 21. d5 a4 22. e5 Bf5 23. exd6 Qxd6 24. Bxc4 Kf8 25. Bd3 Bd7 26. Rhe1 f6 27. Qe3 Rg7 28. Qd4 Ra5 29. Bc4 Nf4 30. Re4 g5 31. hxg5 fxg5 32. Ne2 Ng6 33. Qe3 Nh4 34. Nd4 Nf5 35. Nxf5 Bxf5 36. Re8+ Kf7 37. Re7+ Kg6 38. Rxg7+ Kxg7 39. Qxg5+ Bg6 40. Re1 Ra7 41. f4 Rf7 42. Qe5+ Qf6 43. d6 Rd7 44. Rd1 b3 45. axb3 axb3 46. Bxb3 h5 47. Ba4 Rd8 48. d7 h4 49. Rh1 Rh8 50. Rxh4 Rxh4 51. Qxf6+ 1-0

[Event "Ujir Singh Thapa Memorial 2080"]
[Site "Butwal"]
[Date "2024.04.07"]
[Round "3.6"]
[White "Vinayak Singh Yadav"]
[Black "Thapa, Krishna"]
[Result "1/2-1/2"]
[ECO "B46"]
[WhiteElo "1748"]
[BlackElo "1963"]
[Annotator "RC"]
[PlyCount "138"]
[EventDate "2024.04.03"]
[EventType "swiss"]
[EventCountry "NEP"]
[SourceTitle "playchess.com"]
[Source "ChessBase"]
[SourceQuality "1"]
[TimeControl "3600+30"]

1. e4 c5 2. Nf3 e6 3. d4 cxd4 4. Nxd4 Nf6 5. Bd3 Nc6 6. Be3 a6 7. Nc3 Ne5 8. O-O b5 9. h3 Bb7 10. f4 Nc4 11. Bxc4 bxc4 12. e5 Nd5 13. Nxd5 Bxd5 14. f5 Qc7 15. fxe6 dxe6 16. c3 Qd7 17. Qg4 g6 18. Bg5 Bg7 19. Bf6 Bxf6 20. Rxf6 Rb8 21. Rf2 h5 22. Qf4 Qe7 23. b4 g5 24. Qf6 Qxf6 25. Rxf6 Ke7 26. g3 Bb7 27. a4 Rbd8 28. Rf2 Rd5 29. Raf1 Rh7 30. Re1 Rh8 31. b5 Rh7 32. bxa6 Bxa6 33. Nc6+ Kf8 34. Rb2 Rc5 35. Rb8+ Kg7 36. Nb4 Bc8 37. a5 Rh8 38. Ra1 Rxe5 39. a6 Bxa6 40. Rxh8 Kxh8 41. Rxa6 Re3 42. Kf2 Rxc3 43. Ra5 Rb3 44. Nc6 f6 45. Rc5 h4 46. gxh4 gxh4 47. Rh5+ Kg7 48. Rxh4 c3 49. Rc4 e5 50. Ke2 c2 51. Rxc2 Rxh3 52. Nxe5 fxe5 53. Rc6 Kf7 54. Kf2 Ke7 55. Ke2 Kd7 56. Ra6 Rc3 57. Kd2 Rc6 58. Rxc6 Kxc6 59. Ke3 Kd5 60. Kd3 e4+ 61. Ke3 Ke5 62. Ke2 Kf4 63. Kf2 e3+ 64. Ke2 Ke4 65. Ke1 Kd4 66. Ke2 Ke4 67. Ke1 Kf3 68. Kf1 e2+ 69. Ke1 Ke3 1/2-1/2

[Event "Ujir Singh Thapa Memorial 2080"]
[Site "Butwal"]
[Date "2024.04.07"]
[Round "3.7"]
[White "Rishabh Nishad"]
[Black "Subedi, Sushil"]
[Result "1-0"]
[ECO "C45"]
[WhiteElo "1953"]
[BlackElo "1741"]
[Annotator "RC"]
[PlyCount "51"]
[EventDate "2024.04.03"]
[EventType "swiss"]
[EventCountry "NEP"]
[SourceTitle "playchess.com"]
[Source "ChessBase"]
[SourceQuality "1"]
[TimeControl "3600+30"]

1. e4 e5 2. Nf3 Nc6 3. d4 exd4 4. Nxd4 Qh4 5. Nc3 Bb4 6. Be2 Qxe4 7. Ndb5 Bxc3+ 8. bxc3 Kd8 9. O-O a6 10. Nd4 Nge7 11. Bg5 h6 12. Bf3 Qg6 13. Nxc6+ bxc6 14. Bh4 f6 15. Re1 d6 16. Rxe7 Kxe7 17. Qe2+ Kd8 18. Bxc6 Rb8 19. Re1 Qf7 20. Qe3 Rb6 21. Bd5 Qe8 22. Qd2 Qa4 23. c4 Rb2 24. Qc3 Qxc2 25. Bxf6+ Kd7 26. Qh3+ 1-0

[Event "Ujir Singh Thapa Memorial 2080"]
[Site "Butwal"]
[Date "2024.04.07"]
[Round "4.1"]
[White "Raghav, Srivathsav V"]
[Black "Chaulagain, Purushottam"]
[Result "0-1"]
[ECO "A15"]
[WhiteElo "1983"]
[BlackElo "1906"]
[Annotator "RC"]
[PlyCount "23"]
[EventDate "2024.04.03"]
[EventType "swiss"]
[EventCountry "NEP"]
[SourceTitle "playchess.com"]
[Source "ChessBase"]
[SourceQuality "1"]
[TimeControl "3600+30"]

1. Nf3 d5 2. b3 Nf6 3. Bb2 g6 4. c4 Bg7 5. cxd5 O-O 6. g3 b6 7. Bg2 Bb7 8. O-O Bxd5 9. Nc3 Bb7 10. Qc2 c5 11. Rfd1 Nc6 12. a3 0-1

[Event "Ujir Singh Thapa Memorial 2080"]
[Site "Butwal"]
[Date "2024.04.07"]
[Round "4.2"]
[White "Bristy Mukherjee"]
[Black "Vipul Subhashi"]
[Result "1-0"]
[ECO "B20"]
[WhiteElo "1903"]
[BlackElo "1971"]
[Annotator "NA RC"]
[PlyCount "119"]
[EventDate "2024.04.03"]
[EventType "swiss"]
[EventCountry "NEP"]
[SourceTitle "playchess.com"]
[Source "ChessBase"]
[SourceQuality "1"]
[TimeControl "3600+30"]

1. e4 c5 2. d3 Nc6 3. g3 g6 4. Bg2 Bg7 5. f4 d6 6. Nf3 e6 7. c3 Nge7 8. a4 O-O 9. O-O b6 10. Na3 Ba6 11. Nb5 Bb7 12. g4 a6 13. Na3 d5 14. e5 f6 15. d4 Qd7 16. Re1 fxe5 17. fxe5 Rac8 18. Qb3 $19 (18. b3 $11 {and White stays safe.}) 18... cxd4 19. cxd4 Qc7 20. Qd1 Na5 21. Bd2 Nec6 22. h4 Qe7 23. Nc2 h6 24. g5 h5 25. Bc3 Rf4 26. Qd3 Kh7 27. Bd2 Re4 28. b3 Rf8 29. Rad1 Qe8 30. Bc1 Ne7 31. Ba3 Rf7 32. Rf1 Nf5 33. Bb4 Nxh4 34. Nxh4 Rxh4 35. Bd2 Nc6 36. Rf6 Rxf6 37. gxf6 Bf8 38. Be3 Nd8 39. Ne1 Nf7 40. Rc1 Bh6 41. Rc7 Bc8 42. Bf2 Rg4 43. Qc3 Bd7 44. Ra7 h4 45. Kh1 Ng5 46. Qc7 h3 47. Bf1 Ne4 48. Nd3 Nxf2+ 49. Nxf2 Rf4 50. Qd6 Bf8 51. Qxd7+ Qxd7 52. Rxd7+ Kh6 53. Bxh3 Rxf2 54. Bxe6 Kg5 55. Rf7 Bb4 56. Bxd5 Bc3 57. e6 Bxd4 58. e7 Kg4 59. e8=Q Rf4 60. Kh2 1-0

[Event "Ujir Singh Thapa Memorial 2080"]
[Site "Butwal"]
[Date "2024.04.07"]
[Round "4.3"]
[White "Jaiswal, Rupesh"]
[Black "Gautam, Prashant"]
[Result "1-0"]
[ECO "C45"]
[WhiteElo "1969"]
[BlackElo "1717"]
[Annotator "RC"]
[PlyCount "41"]
[EventDate "2024.04.03"]
[EventType "swiss"]
[EventCountry "NEP"]
[SourceTitle "playchess.com"]
[Source "ChessBase"]
[SourceQuality "1"]
[TimeControl "3600+30"]

1. e4 e5 2. Nf3 Nc6 3. d4 exd4 4. Nxd4 Bc5 5. Nb3 Bb6 6. Nc3 Qf6 7. Qe2 Nge7 8. Be3 Nd4 9. Qd2 c5 10. O-O-O Nec6 11. Nd5 Nxb3+ 12. axb3 Qd8 13. Bc4 O-O 14. Bg5 Qe8 15. Nf6+ gxf6 16. Bxf6 Qxe4 17. Bd3 Qg6 18. Bxg6 fxg6 19. Qd5+ Rf7 20. Rhe1 Kf8 21. Qd6+ 1-0

[Event "Ujir Singh Thapa Memorial 2080"]
[Site "Butwal"]
[Date "2024.04.07"]
[Round "4.4"]
[White "B.K, Tirth Bahadur"]
[Black "Sinha, Sudhir Kumar"]
[Result "0-1"]
[ECO "B45"]
[WhiteElo "1866"]
[BlackElo "1968"]
[Annotator "NA RC"]
[PlyCount "63"]
[EventDate "2024.04.03"]
[EventType "swiss"]
[EventCountry "NEP"]
[SourceTitle "playchess.com"]
[Source "ChessBase"]
[SourceQuality "1"]
[TimeControl "3600+30"]

1. e4 c5 2. Nf3 e6 3. Nc3 Nc6 4. d4 cxd4 5. Nxd4 Nf6 6. a3 a5 7. Be3 Qc7 8. Be2 b5 9. Nxc6 dxc6 10. f3 e5 11. O-O Be7 12. Qd2 O-O 13. Rfd1 Be6 14. Qe1 Nd7 15. Qf2 f5 16. exf5 Bxf5 17. Bd3 Be6 18. Rd2 Nf6 19. Bc5 Ng4 20. fxg4 Rxf2 21. Bxf2 Bxg4 22. Be4 Rf8 23. h3 Bh5 24. Be3 h6 $19 25. g4 Be8 26. Rd3 h5 27. Kh2 Bd6 28. Rad1 Be7 29. Kg3 Qc8 30. Bf3 hxg4 31. hxg4 Rxf3+ 32. Kxf3 0-1

[Event "Ujir Singh Thapa Memorial 2080"]
[Site "Butwal"]
[Date "2024.04.07"]
[Round "4.5"]
[White "Harsh, Himanshu"]
[Black "Rishabh Nishad"]
[Result "0-1"]
[ECO "B71"]
[WhiteElo "1855"]
[BlackElo "1953"]
[Annotator "NA RC"]
[PlyCount "40"]
[EventDate "2024.04.03"]
[EventType "swiss"]
[EventCountry "NEP"]
[SourceTitle "playchess.com"]
[Source "ChessBase"]
[SourceQuality "1"]
[TimeControl "3600+30"]

1. e4 c5 2. Nf3 d6 3. d4 cxd4 4. Nxd4 Nf6 5. Nc3 g6 6. f4 Nc6 7. Nxc6 bxc6 8. e5 Nd7 9. exd6 exd6 10. Bd3 Be7 11. O-O O-O 12. f5 Ne5 13. Bh6 Re8 14. Kh1 d5 15. fxg6 hxg6 16. h3 Rb8 17. b3 Rb4 18. Bf4 $15 Bf6 19. a3 Nxd3 20. cxd3 Rxf4 0-1

[Event "Ujir Singh Thapa Memorial 2080"]
[Site "Butwal"]
[Date "2024.04.07"]
[Round "4.6"]
[White "Divyanshu Kumar Singh"]
[Black "Maharjan, Sajin"]
[Result "1/2-1/2"]
[ECO "D78"]
[WhiteElo "1745"]
[BlackElo "1930"]
[Annotator "NA RC"]
[PlyCount "174"]
[EventDate "2024.04.03"]
[EventType "swiss"]
[EventCountry "NEP"]
[SourceTitle "playchess.com"]
[Source "ChessBase"]
[SourceQuality "1"]
[TimeControl "3600+30"]

1. d4 Nf6 2. c4 g6 3. g3 Bg7 4. Bg2 d5 5. Nf3 c6 6. O-O O-O 7. b3 Ne4 8. Bb2 Nd7 9. Nfd2 Ndf6 10. f3 Nxd2 11. Nxd2 Rb8 12. e4 dxe4 13. fxe4 Ng4 14. Nf3 Ne3 15. Qd2 Nxf1 16. Rxf1 Bg4 17. Ne1 Qd7 18. Qf2 Rbd8 19. d5 Bxb2 20. Qxb2 Bh3 21. Bxh3 Qxh3 22. Nd3 Qg4 23. Re1 Qf3 24. Ne5 $19 Qf6 25. Rf1 Qg7 26. Qd4 f5 27. exf5 Rxf5 28. Re1 Qf6 29. Qe3 h5 30. g4 hxg4 31. Qg3 Rg5 32. Kh1 Rf8 33. dxc6 bxc6 34. Kg2 Qd6 35. Qe3 Rff5 36. Nd3 Kf8 37. Nf2 Re5 38. Ne4 Rxe4 39. Qxe4 Rh5 40. Rf1+ Ke8 41. Qf4 Rf5 42. Qxd6 exd6 43. Rd1 Kd7 44. Rd4 Rg5 45. Kg3 Ke6 46. Re4+ Kf6 47. a4 d5 48. cxd5 cxd5 49. Re8 a5 50. Rf8+ Ke6 51. Re8+ Kd7 52. Re1 Kd6 53. Kf4 Rh5 54. Re2 Rf5+ 55. Kxg4 d4 56. Re8 Kd5 57. b4 axb4 58. a5 Kc4 59. a6 Ra5 60. Ra8 b3 61. a7 Kd3 62. Rb8 Rxa7 63. Rxb3+ Ke4 64. Rb6 Ra1 65. Re6+ Kd3 66. Kf3 Rg1 67. Kf2 Rg4 68. h3 Rg5 69. Ra6 Rg1 70. Re6 Rg5 71. Ra6 Rf5+ 72. Ke1 g5 73. Ra3+ Ke4 74. Ke2 Rc5 75. Rg3 Kf5 76. Kd2 Rc3 77. Rg4 Rxh3 78. Rxd4 Rf3 79. Ke2 Rf4 80. Rxf4+ Kxf4 81. Kf2 g4 82. Kg2 g3 83. Kg1 Kg4 84. Kg2 Kf4 85. Kg1 Kf3 86. Kf1 g2+ 87. Kg1 Kg3 1/2-1/2

[Event "Ujir Singh Thapa Memorial 2080"]
[Site "Butwal"]
[Date "2024.04.07"]
[Round "4.7"]
[White "Tamang, Sudip"]
[Black "Prakhar Tripathi"]
[Result "1-0"]
[ECO "D00"]
[WhiteElo "1916"]
[BlackElo "1599"]
[Annotator "NA RC"]
[PlyCount "119"]
[EventDate "2024.04.03"]
[EventType "swiss"]
[EventCountry "NEP"]
[SourceTitle "playchess.com"]
[Source "ChessBase"]
[SourceQuality "1"]
[TimeControl "3600+30"]

1. d4 Nf6 2. Bf4 d5 3. e3 c5 4. c3 Nc6 5. Nd2 Qb6 6. Qb3 c4 7. Qc2 Nh5 8. Bg5 h6 9. Bh4 g5 10. Be2 Ng7 11. Bg3 Bf5 12. e4 Bg6 13. b3 cxb3 14. axb3 e6 15. Bd3 Rc8 16. Qb1 dxe4 17. Nc4 Qd8 18. Bxe4 Bxe4 19. Qxe4 f5 20. Qb1 $11 f4 21. Qg6+ Ke7 22. h4 fxg3 23. hxg5 gxf2+ 24. Kxf2 Qd5 25. Ne3 Qd6 26. gxh6 Qf4+ 27. Nf3 Nf5 28. Rae1 Nxe3 29. Rxe3 Qf6 30. Rxe6+ Qxe6 31. Re1 Qxe1+ 32. Kxe1 Rxh6 33. Qg5+ Ke8 34. d5 Ne7 35. c4 b5 36. Qe5 Kd7 37. Nd2 bxc4 38. bxc4 a5 39. Kf2 a4 40. Qb2 a3 41. Qxa3 Rf6+ 42. Ke2 Bh6 43. Ne4 Rg6 44. Qa4+ Kd8 45. Qa5+ Ke8 46. d6 Nc6 47. Qh5 Kf7 48. Qf5+ Kg7 49. Qxc8 Nd4+ 50. Kd3 Ne6 51. Qd7+ Kh8 52. Qe8+ Kh7 53. Qf7+ Bg7 54. Qf5 Bh6 55. Nf6+ Kg7 56. Nh5+ Kh7 57. d7 Bg5 58. Nf6+ Bxf6 59. Qxe6 Bg5 60. Qf7+ 1-0

[Event "Ujir Singh Thapa Memorial 2080"]
[Site "Butwal"]
[Date "2024.04.07"]
[Round "5.1"]
[White "Chaulagain, Purushottam"]
[Black "Jaiswal, Rupesh"]
[Result "0-1"]
[ECO "B07"]
[WhiteElo "1906"]
[BlackElo "1969"]
[Annotator "RC"]
[PlyCount "86"]
[EventDate "2024.04.03"]
[EventType "swiss"]
[EventCountry "NEP"]
[SourceTitle "playchess.com"]
[Source "ChessBase"]
[SourceQuality "1"]
[TimeControl "3600+30"]

1. d4 c5 2. d5 Nf6 3. Nc3 d6 4. e4 g6 5. Be2 Bg7 6. h4 h5 7. Nf3 a6 8. a4 O-O 9. Bf4 Bg4 10. Nd2 Bxe2 11. Qxe2 Nbd7 12. f3 b5 13. a5 Rc8 14. g4 Ne5 15. Bxe5 dxe5 16. Nd1 c4 17. c3 Qd7 18. Ne3 Rfd8 19. g5 Ne8 20. Nc2 e6 21. Nb4 Nc7 22. dxe6 Qxe6 23. Nf1 Bf8 24. Nc2 Rd3 25. Nce3 Rcd8 26. Rd1 Bc5 27. b3 Rxd1+ 28. Nxd1 cxb3 29. Nfe3 Qd6 30. Rh2 Qd3 31. Nd5 Qxe2+ 32. Rxe2 Nxd5 33. Rd2 b4 34. c4 Bd4 35. Rxd4 exd4 36. exd5 Rc8 37. Nb2 Rc5 38. Kd2 Rxa5 39. Nd3 Ra2+ 40. Kc1 Rc2+ 41. Kb1 Rxc4 42. d6 Kf8 43. Ne5 Rc3 0-1

[Event "Ujir Singh Thapa Memorial 2080"]
[Site "Butwal"]
[Date "2024.04.07"]
[Round "5.2"]
[White "Sinha, Sudhir Kumar"]
[Black "Tamang, Sudip"]
[Result "1/2-1/2"]
[ECO "B26"]
[WhiteElo "1968"]
[BlackElo "1916"]
[Annotator "RC"]
[PlyCount "79"]
[EventDate "2024.04.03"]
[EventType "swiss"]
[EventCountry "NEP"]
[SourceTitle "playchess.com"]
[Source "ChessBase"]
[SourceQuality "1"]
[TimeControl "3600+30"]

1. e4 c5 2. Nc3 g6 3. g3 Nc6 4. Bg2 Bg7 5. d3 d6 6. Be3 Rb8 7. Nge2 b5 8. a3 Nd4 9. O-O e6 10. Qd2 Ne7 11. Bh6 O-O 12. Nxd4 cxd4 13. Bxg7 Kxg7 14. Ne2 Qb6 15. f4 f5 16. Kh1 a5 17. c3 dxc3 18. Qxc3+ Kg8 19. Rac1 b4 20. Qc7 Re8 21. Nd4 Ba6 22. Qxb6 Rxb6 23. Rfd1 Kf7 24. Rc7 Rc8 25. Rxc8 Bxc8 26. h4 bxa3 27. bxa3 Ba6 28. h5 gxh5 29. Bf3 Kf6 30. Bxh5 e5 31. Ne2 Rb3 32. d4 Bxe2 33. dxe5+ dxe5 34. Rd6+ Kg7 35. Bxe2 exf4 36. Rd7 Kf8 37. Rd8+ Kg7 38. Rd7 Kf8 39. Rd8+ Kg7 40. Rd7 1/2-1/2

[Event "Ujir Singh Thapa Memorial 2080"]
[Site "Butwal"]
[Date "2024.04.07"]
[Round "5.3"]
[White "Rishabh Nishad"]
[Black "Bristy Mukherjee"]
[Result "1-0"]
[ECO "B12"]
[WhiteElo "1953"]
[BlackElo "1903"]
[Annotator "RC"]
[PlyCount "95"]
[EventDate "2024.04.03"]
[EventType "swiss"]
[EventCountry "NEP"]
[SourceTitle "playchess.com"]
[Source "ChessBase"]
[SourceQuality "1"]
[TimeControl "3600+30"]

1. e4 c6 2. d4 d5 3. e5 Bf5 4. Nd2 e6 5. Nb3 Nd7 6. Nf3 c5 7. dxc5 Bxc5 8. Bb5 Rc8 9. O-O a6 10. Nxc5 Rxc5 11. Bxd7+ Qxd7 12. Nd4 Ne7 13. b3 Nc6 14. Nxf5 exf5 15. Ba3 Rc3 16. Qd2 d4 17. Rfe1 Kd8 18. Rad1 Kc8 19. Bb2 Rc5 20. c4 Rxe5 21. Rxe5 Nxe5 22. Qxd4 Qxd4 23. Rxd4 Re8 24. Kf1 g6 25. h3 Nc6 26. Rd2 Rd8 27. Rxd8+ Kxd8 28. Bc3 Kd7 29. Ke2 Ke6 30. Ke3 g5 31. f4 g4 32. a3 Ne7 33. a4 Ng6 34. Be1 Ne7 35. b4 Ng6 36. h4 f6 37. g3 Ne7 38. Kd4 Kd6 39. b5 Nc8 40. Bb4+ Kd7 41. a5 h5 42. Bc5 Kc7 43. b6+ Kc6 44. Bb4 Nxb6 45. axb6 Kxb6 46. Kd5 a5 47. Be7 a4 48. Ke6 1-0

[Event "Ujir Singh Thapa Memorial 2080"]
[Site "Butwal"]
[Date "2024.04.07"]
[Round "5.4"]
[White "Maharjan, Sajin"]
[Black "Nilesh Kumar"]
[Result "0-1"]
[ECO "B23"]
[WhiteElo "1930"]
[BlackElo "1842"]
[Annotator "RC"]
[PlyCount "53"]
[EventDate "2024.04.03"]
[EventType "swiss"]
[EventCountry "NEP"]
[SourceTitle "playchess.com"]
[Source "ChessBase"]
[SourceQuality "1"]
[TimeControl "3600+30"]

1. e4 c5 2. Nc3 Nc6 3. f4 e6 4. Nf3 d6 5. Bb5 Bd7 6. d3 Nf6 7. O-O Be7 8. e5 dxe5 9. fxe5 Nd5 10. Nxd5 exd5 11. c3 O-O 12. Ba4 Bg4 13. Qe1 f6 14. exf6 Bxf6 15. Qg3 Bf5 16. Ng5 Be5 17. Bf4 Bxf4 18. Rxf4 Bd7 19. Raf1 Qe7 20. Bb3 Be6 21. Re1 c4 22. Rxe6 Qc5+ 23. d4 Qb6 24. Qh4 h6 25. Qxh6 gxh6 26. Rg6+ Kh8 27. Rh4 0-1

[Event "Ujir Singh Thapa Memorial 2080"]
[Site "Butwal"]
[Date "2024.04.07"]
[Round "5.5"]
[White "Jamal Uddin"]
[Black "Divyanshu Kumar Singh"]
[Result "1/2-1/2"]
[ECO "E46"]
[WhiteElo "1989"]
[BlackElo "1745"]
[Annotator "RC"]
[PlyCount "110"]
[EventDate "2024.04.03"]
[EventType "swiss"]
[EventCountry "NEP"]
[SourceTitle "playchess.com"]
[Source "ChessBase"]
[SourceQuality "1"]
[TimeControl "3600+30"]

1. d4 Nf6 2. c4 e6 3. Nc3 Bb4 4. e3 O-O 5. Nge2 d5 6. a3 Be7 7. Ng3 Nbd7 8. Bd3 dxc4 9. Bxc4 c5 10. dxc5 Ne5 11. Qe2 Bxc5 12. O-O Bd7 13. Ba2 Bc6 14. Rd1 Qe7 15. b4 Bb6 16. b5 Bd7 17. Bb2 a6 18. a4 axb5 19. Nxb5 Ng6 20. Bxf6 gxf6 21. Nh5 Bc6 22. Qb2 e5 23. Nd6 Bd8 24. Nf5 Qc7 25. Bb3 Qb6 26. Nxf6+ Kh8 27. Nd7 Bxd7 28. Rxd7 Qb4 29. Qa2 Qg4 30. Rxf7 Bg5 31. Bd1 Qb4 32. Bh5 Nh4 33. Nxh4 Qxh4 34. Bf3 Rg8 35. g3 Qh6 36. Bxb7 Raf8 37. Rxf8 Rxf8 38. Qe2 e4 39. Rb1 Rxf2 40. Kxf2 Qxh2+ 41. Ke1 Qg1+ 42. Kd2 Qxb1 43. Qb5 Qa2+ 44. Kd1 Qa1+ 45. Ke2 Qa2+ 46. Kf1 Qa1+ 47. Ke2 Qa2+ 48. Kd1 Qa1+ 49. Kc2 Qa2+ 50. Qb2+ Qxb2+ 51. Kxb2 Bxe3 52. Bxe4 h5 53. Kc3 Bf2 54. Bf3 Bxg3 55. Bxh5 Bf2 1/2-1/2

[Event "Ujir Singh Thapa Memorial 2080"]
[Site "Butwal"]
[Date "2024.04.07"]
[Round "5.6"]
[White "Pandey, Bheem Datt"]
[Black "Raghav, Srivathsav V"]
[Result "0-1"]
[ECO "E92"]
[WhiteElo "1737"]
[BlackElo "1983"]
[Annotator "RC"]
[PlyCount "58"]
[EventDate "2024.04.03"]
[EventType "swiss"]
[EventCountry "NEP"]
[SourceTitle "playchess.com"]
[Source "ChessBase"]
[SourceQuality "1"]
[TimeControl "3600+30"]

1. d4 Nf6 2. c4 g6 3. Nc3 Bg7 4. e4 d6 5. Nf3 O-O 6. Be2 e5 7. dxe5 dxe5 8. Qxd8 Rxd8 9. Bg5 Re8 10. Bxf6 Bxf6 11. O-O c6 12. Rfd1 Na6 13. a3 Nc5 14. b4 Ne6 15. Rac1 Nd4 16. h3 Be6 17. Nxd4 exd4 18. Na4 b6 19. Bd3 Be5 20. Nb2 c5 21. b5 a6 22. a4 axb5 23. axb5 Ra2 24. Rc2 Rea8 25. Kf1 R8a3 26. Ke2 Rc3 27. Rb1 Rxc2+ 28. Bxc2 Rxb2 29. Rxb2 d3+ 0-1